 Dungeon Crawl Stone Soup version 0.31-a0-986-g5e6e4ef867 (webtiles) character file.

Game seed: 11217760222524439350

5469 Firecrotchwizard the Spear-Bearer (level 10, -10/83 HPs)
             Began as a Merfolk Berserker on Nov 23, 2023.
             Was a Priest of Trog.
             Mangled by a vampire (11 damage)
             ... on level 9 of the Dungeon.
             The game lasted 00:20:19 (8033 turns).

Firecrotchwizard the Spear-Bearer (MfBe)            Turns: 8033, Time: 00:20:19

Health: -10/83     AC: 16    Str: 18    XL:     10   Next: 69%
Magic:  10/10      EV: 13    Int: 14    God:    Trog [***...]
Gold:   151        SH:  5    Dex: 20    Spells: 9/9 levels left

rFire   . . .        v - +2 short sword (holy)
rCold   . . .        a - +0 buckler
rNeg    . . .        p - +0 chain mail
rPois   .            r - +0 helmet
rElec   +            (no cloak)
rCorr   .            f - +2 pair of gloves
SInv    .            (no boots)
Will    ++...        (no amulet) Stlth
                     w - +4 ring of protection
HPRegen 1.33/turn    y - ring "Ikoahem" {rElec Str-3 Int+7 Dex+6}
MPRegen 0.12/turn

%: no passive effects
@: strong-willed, regenerating
A: (nimble swimmer 2), mertail
a: Renounce Religion, Berserk, Trog's Hand


You were on level 9 of the Dungeon.
You worshipped Trog.
Trog was most pleased with you.
You visited 1 branch of the dungeon, and saw 9 of its levels.

You collected 405 gold pieces.
You spent 254 gold pieces at shops.

Inventory:

Hand Weapons
 c - a +0 trident of draining
 v - a +2 short sword of holy wrath (weapon)
 E - a +2 trident of draining
 G - a +0 demon trident of draining
 H - a +3 halberd of freezing
Missiles
 q - 7 poisoned darts
 x - a throwing net {@!f}
Armour
 a - a +0 buckler (worn)
 b - a +0 animal skin
 f - a +2 pair of gloves (worn)
 l - a +0 ring mail
 p - a +0 chain mail (worn)
 r - a +0 helmet (worn)
Jewellery
 o - a ring of poison resistance
 w - a +4 ring of protection (left hand)
 y - the ring "Ikoahem" (right hand) {rElec Str-3 Int+7 Dex+6}
   (You found it on level 6 of the Dungeon)

   [ring of dexterity]

   Str-3:     It affects your strength (-3).
   Int+7:     It affects your intelligence (+7).
   Dex+6:     It affects your dexterity (+6).
   rElec:     It insulates you from electricity.
 A - a ring of fire
Wands
 D - a wand of charming (5)
Scrolls
 g - a scroll of blinking
 i - a scroll of identify
 m - a scroll of silence
 t - 2 scrolls of teleportation
 I - a scroll of butterflies
Potions
 d - a potion of magic {unknown}
 e - 2 potions of might
 j - 2 potions of berserk rage
 k - a potion of lignification {unknown}
 n - 2 potions of curing
 s - a potion of mutation {unknown}
 u - 3 potions of heal wounds
 z - 2 potions of enlightenment {unknown}
 B - a potion of ambrosia {unknown}
 C - a potion of attraction {unknown}
 F - a potion of haste {unknown}


   Skills:
 + Level 9.2 Fighting
 * Level 14.7 Polearms
 - Level 1.3 Armour
 + Level 10.5 Dodging


You had 9 spell levels left.
You didn't know any spells.
Your spell library was empty.

Dungeon Overview and Level Annotations

Branches:
Dungeon (9/15)             Temple (0/1) D:7            Lair (0/5) D:9
    Orc: D:9-12

Altars:
Cheibriados
Elyvilon
Gozag
Hepliaklqana
Nemelex Xobeh
Ru
Sif Muna
Uskayaw
Wu Jian
Yredelemnul
Zin

Shops:
D:6 *   D:8 (   D:9 =*

Annotations:
D:9 exclusion: ice statue


Innate Abilities, Weirdness & Mutations

((You are very nimble when in or above water. (Stealth+, EV+, Speed+++)))
Your lower body shifts to a powerful aquatic tail in water.


Message History

The vampire is heavily damaged.
The vampire barely misses you.
The vampire bites you but does no damage.
You hit the vampire but do no damage.
The vampire is heavily damaged.
The vampire mumbles some strange words.
The vampire flickers and vanishes!
Deactivating autopickup; reactivate with Ctrl-A.
No target in view!
No target in view!
No target in view!
You barely miss something. You barely miss something.
Something hits you but does no damage. Something bites you.
Something draws strength from your injuries!
You puncture something! You barely miss something.
You hear some strange, mumbled words.
Something tries to affect you, but you resist.
You hit something but do no damage.
You hear some strange, mumbled words.
You are confused.
You bump into the rock wall.
Something hits you but does no damage. Something bites you but does no damage.
You hit something but do no damage.
Found a scroll of fog.
You hear some strange, mumbled words.
You are more confused.
You bump into the rock wall.
You hear some strange, mumbled words.
You are more confused.
Something draws life force from you!
You bump into the rock wall.
Something hits you. Something barely misses you.
You bump into the rock wall.
Something draws life force from you!!
You feel better. Something hits you but does no damage.
Something bites you but does no damage.
Okay, then.
Okay, then.
Okay, then.
Search for what [? for help]? sinv
Okay, then.
Your skin crawls.
You feel strong-willed.
You can no longer call in reinforcements.
Something hits you but does no damage. Something bites you but does no damage.
You barely miss something. Something hits you but does no damage.
Something bites you but does no damage.
You hit something but do no damage. Something barely misses you.
Something bites you.
Something draws strength from your injuries!
You impale something!! You hit something. Something hits you.
Something barely misses you.
You miss something. Something draws life force from you!
You miss something.
Unknown command.
You closely miss something. Something hits you.
Something bites you but does no damage.
You hit something. Something draws life force from you.
You puncture something!
Unknown command.
You hit something. Something hits you but does no damage.
Something barely misses you.
You hit something but do no damage. Something draws life force from you!
* * * LOW HITPOINT WARNING * * *
Your +2 short sword of holy wrath softly glows with a divine radiance!
v - a +2 short sword of holy wrath (weapon)
You miss something. Something hits you.
* * * LOW HITPOINT WARNING * * *
You block something's attack.
You hit something. Something hits you.
* * * LOW HITPOINT WARNING * * *
You block something's attack.
You barely miss something. Something draws life force from you.
* * * LOW HITPOINT WARNING * * *
You hit something. You block something's attack. Something bites you.
* * * LOW HITPOINT WARNING * * *
Something draws strength from your injuries!
You hit something but do no damage. Something draws life force from you!
* * * LOW HITPOINT WARNING * * *
You hit something but do no damage. Something hits you!
* * * LOW HITPOINT WARNING * * *
Something bites you!
* * * LOW HITPOINT WARNING * * *
Something draws strength from your injuries!
Something hits you!
You die...

########.#
.........#
#####....##
####..# ##.#
#.# #.#
########.#####
#.....@{.....#
#.##.###.##..#
.. .... ....
## #####?####
#


There were no monsters in sight!

Vanquished Creatures
  A two-headed ogre (D:9)
  Pikel (D:8)
  Jeremiah (D:7)
  A shadow (D:6)
  4 yaks (D:9)
  5 wyverns
  A basilisk (D:9)
  3 water moccasins (D:9)
  An orc warrior (D:8)
  2 black bears
  An ice beast (D:7)
  3 ogres
  3 centaurs
  A kobold brigand (D:8)
  A lemure (D:8)
  A bullfrog (D:7)
  A gnoll sergeant (D:6)
  2 scorpions
  3 wights (D:8)
  7 killer bees (D:8)
  2 howler monkeys
  3 hounds
  4 orc priests
  A sleepcap (D:6)
  An iguana (D:7)
  Jessica (D:2)
  An orc wizard (D:8)
  6 gnolls (D:6)
  5 adders
  A shadow imp (D:5)
  A white imp (D:6)
  A worm (D:2)
  A dart slug (D:1)
  23 orcs
  5 bats
  5 endoplasms
  3 giant cockroaches
  4 goblins
  9 hobgoblins
  8 jackals
  4 quokkas
  7 ball pythons
  2 frilled lizards
  10 kobolds
  2 rats
153 creatures vanquished.

Notes
Turn   | Place    | Note
-------+----------+-------------------------------------------
     0 | D:1      | Firecrotchwizard the Merfolk Berserker began the quest for
                  | the Orb.
     0 | D:1      | Reached XP level 1. HP: 18/18 MP: 1/1
   228 | D:1      | Reached XP level 2. HP: 24/24 MP: 2/2
   593 | D:2      | Reached XP level 3. HP: 18/29 MP: 3/3
   679 | D:2      | Reached ** piety under Trog
   716 | D:2      | Reached skill level 5 in Polearms
  1261 | D:2      | Reached XP level 4. HP: 37/37 MP: 4/4
  1294 | D:2      | Noticed Jessica
  1295 | D:2      | Killed Jessica
  1970 | D:3      | Reached XP level 5. HP: 42/42 MP: 5/5
  2249 | D:4      | Reached skill level 6 in Polearms
  2257 | D:4      | Found a sacrificial altar of Ru.
  2349 | D:4      | Reached *** piety under Trog
  2677 | D:4      | Found a glowing silver altar of Zin.
  2705 | D:4      | Found a hide-covered altar of Uskayaw.
  2748 | D:5      | Entered Level 5 of the Dungeon
  2983 | D:5      | Found an ornate altar of the Wu Jian Council.
  3095 | D:5      | Noticed an ogre
  3103 | D:5      | Killed an ogre
  3104 | D:5      | Reached skill level 7 in Polearms
  3104 | D:5      | Reached XP level 6. HP: 49/49 MP: 6/6
  3165 | D:5      | Found a sparkling altar of Nemelex Xobeh.
  3178 | D:5      | Reached skill level 5 in Fighting
  3178 | D:5      | Reached skill level 5 in Dodging
  3387 | D:5      | Noticed a black bear
  3401 | D:5      | Killed a black bear
  3402 | D:5      | Reached XP level 7. HP: 25/56 MP: 7/7
  3493 | D:5      | Reached skill level 8 in Polearms
  3657 | D:5      | Found a shimmering blue altar of Sif Muna.
  3954 | D:6      | Found Gyusyed's General Store.
  3963 | D:6      | Bought a scroll of enchant armour for 82 gold pieces
  3963 | D:6      | Bought a potion of heal wounds for 55 gold pieces
  3977 | D:6      | Identified the ring "Ikoahem" {rElec Str-3 Int+7 Dex+6}
  4338 | D:6      | Reached skill level 9 in Polearms
  4375 | D:6      | Noticed a shadow
  4524 | D:5      | Reached XP level 8. HP: 36/64 MP: 8/8
  4719 | D:6      | Killed a shadow
  5075 | D:6      | Found a hazy altar of Hepliaklqana.
  5149 | D:6      | Reached skill level 10 in Polearms
  5315 | D:7      | Noticed a wyvern
  5321 | D:7      | Killed a wyvern
  5399 | D:7      | Found a snail-covered altar of Cheibriados.
  5480 | D:7      | Found a white marble altar of Elyvilon.
  5504 | D:7      | Found a staircase to the Ecumenical Temple.
  5510 | D:7      | Noticed Jeremiah
  5560 | D:7      | Killed Jeremiah
  5561 | D:7      | Reached skill level 11 in Polearms
  5561 | D:7      | Reached XP level 9. HP: 54/72 MP: 9/9
  5661 | D:7      | Found a basalt altar of Yredelemnul.
  6193 | D:8      | Reached skill level 12 in Polearms
  6559 | D:8      | Found an opulent altar of Gozag.
  6758 | D:8      | Found Emmopp's Weapon Shop.
  7056 | D:8      | Noticed Pikel
  7090 | D:8      | Killed Pikel
  7091 | D:8      | Reached skill level 13 in Polearms
  7091 | D:8      | Reached XP level 10. HP: 50/82 MP: 10/10
  7389 | D:9      | Noticed an ice statue
  7466 | D:9      | Reached **** piety under Trog
  7467 | D:9      | Reached skill level 14 in Polearms
  7467 | D:9      | Reached skill level 10 in Dodging
  7490 | D:9      | Noticed a two-headed ogre
  7530 | D:9      | Killed a two-headed ogre
  7801 | D:9      | Found a staircase to the Lair.
  7808 | D:9      | Identified the staff "Moxkyger" {rElec Earth}
  7913 | D:9      | Found Given's Jewellery Boutique.
  7925 | D:9      | Found Cifeon's Assorted Antiques.
  7929 | D:9      | Bought a buckler for 117 gold pieces
  8033 | D:9      | HP: 1/83 [something (10)]
  8033 | D:9      | Mangled by a vampire

Illustrated notes

Levels and vault maps discovered:
D:1:      wander_arrival_peaceful_grave, layout_rooms,
          chequers_serial_rivers_micro_c, minmay_statues_item,
          minmay_misc_feat_rows
D:2:      layout_loops_ring, uniq_jessica
D:3:      layout_rooms, grunt_decor_one_mirror, kennysheep_generic_room_6
D:4:      layout_basic, mainiacjoe_overflow_two_lobes, hangedman_ru_absence
D:5:      layout_loops_ring, led_sif_pool,
          mainiacjoe_overflow_concentric_impassable, nemelex_dance_club_becter,
          serial_rivers, chequers_serial_rivers_large_b,
          chequers_serial_rivers_small_a, chequers_serial_rivers_micro_e,
          chequers_serial_rivers_micro_b, chequers_serial_rivers_micro_a
D:6:      layout_gridville, mainiacjoe_overflow_alcove_1, serial_shops, shop
D:7:      layout_basic, kennysheep_ying_yang, mainiacjoe_overflow_brackets,
          minmay_temple_entry_glass, uniq_jeremiah
D:8:      layout_basic, old_standard_altar, enter_bailey_4, serial_shops,
          shop_fountains, uniq_pikel
D:9:      layout_loops_ring, kennysheep_mini, minmay_lair_entry_grove,
          serial_shops, shop, nicolae_inconvenience_store, shop, minivault_5,
          roderic_lattice_a, minivault_16

Skill      XL: |  1  2  3  4  5  6  7  8  9 10 |
---------------+-------------------------------+-----
Dodging        | 3 4 5 6 7 9 10 | 10.5
Polearms       | 5 7 9 11 13 14 | 14.7
Fighting       | 4 5 7 8 9 |  9.2
Armour         | |  1.3

Action                     |  1- 3 |  4- 6 |  7- 9 | 10-12 || total
---------------------------+-------+-------+-------+-------++-------
  Melee: Spear             |     6 |       |       |       ||     6
         Trident           |    73 |   151 |   159 |       ||   383
         Punch             |     1 |     3 |     4 |     1 ||     9
         Demon trident     |       |       |   113 |    86 ||   199
         Short sword       |       |       |    12 |     6 ||    18
  Throw: Dart              |       |     4 |     8 |       ||    12
 Invoke: Berserk           |       |     2 |     6 |     1 ||     9
         Trog's Hand       |       |     1 |       |     1 ||     2
    Use: Scroll            |       |       |    12 |     3 ||    15
         Potion            |       |       |     1 |     1 ||     2
 Armour: Animal skin       |    16 |       |       |       ||    16
         Ring mail         |    11 |       |       |       ||    11
         Chain mail        |       |    86 |   166 |    48 ||   300
  Dodge: Dodged            |    29 |    62 |   126 |    16 ||   233
  Block: Buckler           |       |       |       |     3 ||     3

Table legend: (Time is in decaauts)
 A = Elapsed time spent in this place.
 B = Non-inter-level travel time spent in this place.
 C = Inter-level travel time spent in this place.
 D = Time resting spent in this place.
 E = Time spent auto-exploring this place.
 F = Levels seen in this place.
 G = Mean time per level.
                   A        B        C        D        E       F      G
               +--------+--------+--------+--------+--------+-----+--------+
         Total |   7970 |   7698 |    272 |   1741 |   4733 |   9 |  885.6 |
       Dungeon |   7970 |   7698 |    272 |   1741 |   4733 |   9 |  885.6 |
               +--------+--------+--------+--------+--------+-----+--------+

Top non-repeatable levels by time:
     D:5: 1740 daAuts
     D:8: 1245 daAuts
     D:2: 859 daAuts
     D:7: 788 daAuts
     D:4: 768 daAuts
     D:6: 692 daAuts
     D:3: 683 daAuts
     D:9: 647 daAuts
     D:1: 544 daAuts
